 Dungeon Crawl Stone Soup version 0.29.1-2-gbd0b4ee654 (webtiles) character file.

Game seed: 557946283089751384

91282 warriortoast the Unseen (level 15, -4/77 HPs)
             Began as a Spriggan Enchanter on Nov 17, 2022.
             Was the Champion of Fedhas.
             Slain by a profane servitor
             ... wielding a +3 whip
              (7 damage)
             ... on level 5 of the Abyss.
             The game lasted 02:25:52 (36058 turns).

warriortoast the Unseen (Spriggan Enchanter)       Turns: 36058, Time: 02:25:53

Health: -4/77      AC:  7    Str:  6      XL:     15   Next: 54%
Magic:  34/34      EV: 25    Int: 16 (19) God:    Fedhas [******]
Gold:   1851       SH:  5    Dex: 25      Spells: 14/42 levels left

rFire   . . .      SeeInvis +   a - +2 dagger (venom)
rCold   . . .      Faith    .   (no shield)
rNeg    . . .      Spirit   .   G - +1 robe {rPois}
rPois   +          Reflect  +   U - +1 hat
rElec   .          Harm     .   J - +2 cloak
rCorr   .          Rampage  .   (gloves unavailable)
Will    ++...      Archmagi +   (boots unavailable)
Stlth   ++++++.... Rage     9%  l - amulet of reflection
HPRegen 0.00/turn               L - +6 ring of dexterity
MPRegen 0.24/turn               H - ring of the Mage {Wiz Archmagi}

@: about to teleport, sick, wreathed by umbra, studying Short Blades, invisible,
very quick
A: very small, no large weapons, unfitting armour, see invisible, speed 3,
[berserk 2]
a: Renounce Religion, Wall of Briars, Grow Ballistomycete, Overgrow, Grow Oklob


You were on level 5 of the Abyss.
You worshipped Fedhas.
Fedhas was exalted by your worship.
You visited 4 branches of the dungeon, and saw 22 of its levels.
You visited the Abyss 1 time.
You also visited: Bailey.

You collected 2560 gold pieces.
You spent 709 gold pieces at shops.

Inventory:

Hand Weapons
 a - a +2 dagger of venom (weapon)
 e - a +0 arbalest
Missiles
 I - 2 throwing nets
Armour
 s - +2 acid dragon scales
 A - a +2 robe of willpower
 G - a +1 robe of poison resistance (worn)
 J - a +2 cloak (worn)
 Q - a +2 robe of fire resistance
 U - a +1 hat (worn)
Jewellery
 f - a ring of flight
 l - an amulet of reflection (around neck)
 F - a +4 ring of evasion
 H - the ring of the Mage (right hand) {Wiz Archmagi}
   (You bought it in a shop on level 6 of the Dungeon)

   [ring of wizardry]

   It improves your spell success rate.
   Archmagi:  It increases the power of your magical spells.
 L - a +6 ring of dexterity (left hand)
Wands
 b - a wand of charming (14)
 g - a wand of iceblast (20)
 M - a wand of mindburst (6)
 N - a wand of digging (3)
 O - a wand of flame (33)
 P - a wand of light (6)
 R - a wand of polymorph (8)
Scrolls
 d - 4 scrolls of magic mapping
 i - 3 scrolls of blinking
 k - 3 scrolls of fear
 m - 3 scrolls of immolation
 n - a scroll of summoning
 o - 5 scrolls of noise
 p - a scroll of poison
 q - a scroll of fog
 w - 9 scrolls of teleportation
 y - 2 scrolls of amnesia
 C - 5 scrolls of silence
 T - a scroll of identify
Potions
 c - 2 potions of invisibility
 h - 2 potions of flight
 j - 6 potions of brilliance
 r - 6 potions of heal wounds
 t - a potion of haste
 u - 4 potions of curing
 v - 12 potions of ambrosia
 x - a potion of magic
 z - a potion of cancellation
 B - 4 potions of lignification
 E - 2 potions of resistance
Miscellaneous
 D - a tin of tremorstones (2/2)
 K - a lightning rod (4/4)
 S - a condenser vane


   Skills:
 - Level 8.0 Fighting
 + Level 8.0 Short Blades
 + Level 13.1 Ranged Weapons
 - Level 8.0 Dodging
 - Level 15.0 Stealth
 - Level 14.0 Spellcasting
 + Level 12.2 Hexes
 - Level 5.0 Transmutations
 - Level 8.0 Poison Magic
 + Level 9.4 Invocations
 - Level 5.0 Evocations


You had 14 spell levels left.
You knew the following spells:

 Your Spells              Type           Power      Damage    Failure   Level
a - Ensorcelled Hibernat  Hex/Ice        92%        N/A       1%          2
b - Confusing Touch       Hex            66%        N/A       1%          3
c - Tukima's Dance        Hex            66%        N/A       1%          3
d - Slow                  Hex            100%       N/A       1%          1
e - Cause Fear            Hex            33%        N/A       1%          4
f - Dazzling Flash        Conj/Hex       92%        N/A       1%          3
g - Olgreb's Toxic Radia  Pois           53%        N/A       1%          4
h - Ignite Poison         Fire/Tmut/Pois 37%        N/A       1%          3
i - Irradiate             Conj/Tmut      14%        3d16      24%         5

Your spell library contained the following spells:

 Spells                   Type           Power      Damage    Failure   Level
 Beastly Appendage        Tmut           80%        N/A       1%          1
 Sting                    Tmut/Pois      100%       1d8       1%          1
 Passwall                 Tmut/Erth      23%        N/A       1%          2
 Poisonous Vapours        Pois/Air       72%        N/A       1%          2
 Wereblood                Tmut           40%        N/A       1%          2
 Inner Flame              Hex/Fire       46%        N/A       1%          3
 Portal Projectile        Hex/Tloc       92%        N/A       1%          3
 Spider Form              Tmut/Pois      48%        N/A       1%          3
 Anguish                  Hex/Necr       23%        N/A       1%          4
 Freeze                   Ice            64%        1d8       2%          1
 Sandblast                Erth           32%        2d9       2%          1
 Stone Arrow              Conj/Erth      32%        3d9       8%          3
 Vampiric Draining        Necr           16%        2d7       8%          3
 Corpse Rot               Necr/Pois/Air  29%        N/A       9%          4
 Blade Hands              Tmut           20%        N/A       9%          5
 Enfeeble                 Hex            33%        N/A       14%         7
 Animate Armour           Summ/Erth      32%        N/A       24%         4
 Fireball                 Conj/Fire      8%         3d6       52%         5
 Freezing Cloud           Conj/Ice/Air   8%         6-21      52%         5
 Iskenderun's Battlesphe  Conj           16%        2d7       52%         5
 Discord                  Hex            33%        N/A       69%         8
 Dragon Form              Tmut           20%        N/A       92%         7
 Conjure Ball Lightning   Conj/Air       8%         3x3d6     97%         6
 Simulacrum               Ice/Necr       8%         N/A       97%         6
 Orb of Destruction       Conj           8%         9d6       100%        7
 Ozocubu's Refrigeration  Ice            8%         4d9       100%        7
 Lehudib's Crystal Spear  Conj/Erth      8%         10d3      100%        8
 Necromutation            Tmut/Necr      14%        N/A       100%        8
 Chain Lightning          Conj/Air       8%         3d10      100%        9
 Fire Storm               Conj/Fire      8%         8d2       100%        9
 Shatter                  Erth           8%         3d10*     100%        9


Dungeon Overview and Level Annotations

Branches:
Dungeon (14/15)            Temple (1/1) D:6            Lair (5/5) D:8
  Swamp (0/4) Lair:2        Snake (0/4) Lair:3        Slime (0/5) Lair:5
    Orc (2/2) D:10            Elf (0/3) Orc:2        Vaults (0/5) D:14
 Bailey (visited)

Altars:
Ashenzari
Cheibriados
Dithmenos
Elyvilon
Fedhas
Gozag
Hepliaklqana
Kikubaaqudgha
Makhleb
Nemelex Xobeh
Okawaru
Qazlal
Ru
Sif Muna
Trog
Uskayaw
Vehumet
Wu Jian
Xom
Yredelemnul
Zin
The Shining One

Shops:
D:2 !   D:3 :   D:6 *   D:8 *   D:9 *   Orc:2 =(*[

Annotations:
D:14 Louise
Lair:1 exclusion: obsidian statue


Innate Abilities, Weirdness & Mutations

You are very small and have problems with some larger weapons.
You are too small for most types of armour.
You have supernaturally acute eyesight. (SInv)
You cover ground extremely quickly. (Speed+++)
[You have an uncontrollable temper.]


Message History

The fire bat completely misses you. x3
You open the door.
A lich comes into view.
You block the fire bat's attack. The fire bat completely misses you.
The fire bat closely misses you. The fire bat barely misses you.
As you read the scroll of fear, it crumbles to dust.
You assume a fearsome visage.
The fire bat looks frightened! x2
The chaos spawn looks frightened!
The chaos spawn shouts in stereo!
The fire bat looks frightened! x2; The lich is unaffected.
The ancient lich is unaffected.
The ogre mage looks frightened!
The profane servitor is unaffected.
The ancient lich shouts!
Cornered, the fire bat turns to fight! x2
The lich shouts!
Okay, then.
As you read the scroll of teleportation, it crumbles to dust.
You feel strangely unstable.
You feel the power of the Abyss delaying your translocation!
The fire bat stops moving altogether!
The profane servitor completely misses you.
The profane servitor hits you with a +3 whip.
The fire bat barely misses you.
Cornered, the fire bat turns to fight!
The profane servitor closely misses you.
The profane servitor hits you with a +3 whip!
The lich touches you but does no damage.
The fire bat closely misses you. The profane servitor barely misses you.
The profane servitor hits you with a +3 whip.
You open the door.
A lich comes into view.
The fire bat barely misses you.
The profane servitor hits you with a +3 whip!!
* * * LOW HITPOINT WARNING * * *
The profane servitor draws strength from your injuries!
The profane servitor hits you with a +3 whip!
* * * LOW HITPOINT WARNING * * *
Cornered, the fire bat turns to fight!
The profane servitor misses you.
The profane servitor hits you with a +3 whip!
You die...
Fedhas appreciates your contribution to the ecosystem.

#+# ##
#b.###L#
+.b.#'#
##.b.@###
##''.A.L.#
##..''#b####
##..#O##L#
##. .# .
#..4..#####
#...#. .
#.....###⌠.⌠
##..#. ...
##§.§§§ #
#⌠. . .. .#
.. ##..§.§#
# ..# . ###
...⌠'....#
## #.#.#..##


You could see a profane servitor (fast, invisible), an ancient lich, 2 liches,
an ogre mage (strong, invisible, fleeing), a chaos spawn (unable to see you,
fleeing) and 4 fire bats.

Vanquished Creatures
  Saint Roka (Orc:2)
  3 orc warlords
  Snorg (Orc:1)
  Josephine (D:10)
  8 vault guards (D:14)
  9 hydras
  Harold (D:10)
  5 two-headed ogres
  4 centaur warriors
  A tengu warrior (D:13)
  20 death yaks
  A shock serpent (shapeshifter) (D:14)
  An orc high priest (Orc:2)
  Nergalle (Orc:2)
  Sonja (D:10)
  Lodul (D:12)
  A deep elf pyromancer (D:11)
  2 orc knights (Orc:2)
  3 manticores (D:14)
  2 orc sorcerers
  An ugly thing (D:12)
  4 cyclopes
  An elephant (D:8)
  5 black mambas
  20 cane toads
  2 unseen horrors
  A rime drake (shapeshifter) (D:13)
  A rime drake (Lair:4)
  A kobold demonologist (D:12)
  8 komodo dragons
  8 trolls
  A queen bee (Lair:2)
  3 meliai (D:14)
  7 tyrant leeches
  18 blink frogs
  4 slime creatures (D:13)
  A vampire (D:11)
  43 yaks
  4 wraiths
  4 basilisks
  A human (D:10)
  A chaos spawn (Abyss:5)
  4 wyverns
  9 vampire mosquitoes
  A steam dragon (D:8)
  A naga (Lair:3)
  10 wargs
  2 acid dragons (D:10)
  A swamp worm (Lair:2)
  10 water moccasins
  Duvessa (D:7)
  An ice beast (D:6)
  2 sky beasts (D:7)
  35 orc warriors
  3 black bears
  4 wolves (Lair:5)
  21 centaurs
  20 ogres
  3 phantoms
  4 kobold brigands
  20 bullfrogs
  2 necrophages (D:7)
  3 scorpions (D:6)
  Dowan (D:7)
  24 killer bees (Lair:2)
  2 electric eels
  7 howler monkeys
  A crimson imp (D:8)
  20 orc priests
  3 hounds
  2 jellies
  4 iguanas
  28 orc wizards
  7 hell rats
  A mummy (D:4)
  8 adders
  4 gnolls
  A shadow imp (D:7)
  3 white imps
  2 ufetubi
  4 worms
  A dart slug (D:3)
  89 orcs
  6 ball pythons
  12 endoplasms
  5 giant cockroaches
  6 goblins
  A hobgoblin (D:2)
  3 frilled lizards
  23 kobolds
  5 rats
636 creatures vanquished.

Vanquished Creatures (collateral kills)
  An orc knight (Orc:2)
  A polar bear (D:14)
  A yak (Lair:4)
  3 orc warriors
  4 orcs
10 creatures vanquished.

Vanquished Creatures (others)
  5 dancing weapons
  An orc warrior (D:6)
  5 orcs (Orc:1)
  11 bushes (D:14)
  39 fungi
  111 plants
172 creatures vanquished.

Grand Total: 818 creatures vanquished

Notes
Turn   | Place    | Note
-------+----------+-------------------------------------------
     0 | D:1      | warriortoast the Spriggan Enchanter began the quest for the
                  | Orb.
     0 | D:1      | Reached XP level 1. HP: 9/9 MP: 5/5
    74 | D:1      | You fall into a shaft and drop 1 floor!
    80 | D:2      | Found Demes's Distillery.
   155 | D:2      | Reached XP level 2. HP: 13/13 MP: 6/6
   642 | D:2      | Learned a level 2 spell: Ensorcelled Hibernation
   647 | D:2      | Reached skill level 5 in Stealth
   950 | D:2      | Reached XP level 3. HP: 16/16 MP: 2/8
  1613 | D:3      | Found Maublaiw's Vocational Training.
  1645 | D:3      | Reached XP level 4. HP: 21/21 MP: 6/9
  2297 | D:3      | Found a hazy altar of Hepliaklqana.
  2298 | D:3      | Found a shimmering altar of Xom.
  2299 | D:3      | Noticed a spectral ugly thing
  2424 | D:3      | Reached skill level 6 in Stealth
  2488 | D:3      | Noticed a phantom
  2528 | D:3      | Learned a level 3 spell: Confusing Touch
  2532 | D:3      | Learned a level 3 spell: Tukima's Dance
  2803 | D:3      | Killed a phantom
  2804 | D:3      | Reached XP level 5. HP: 19/24 MP: 7/10
  3040 | D:4      | Noticed a phantom
  3053 | D:4      | Killed a phantom
  3054 | D:4      | Reached XP level 6. HP: 28/28 MP: 4/12
  3693 | D:4      | Found a shimmering blue altar of Sif Muna.
  3764 | D:4      | Reached skill level 5 in Dodging
  3764 | D:4      | Reached skill level 7 in Stealth
  3878 | D:4      | Found a snail-covered altar of Cheibriados.
  4267 | D:5      | Entered Level 5 of the Dungeon
  4332 | D:5      | Reached XP level 7. HP: 32/32 MP: 2/14
  4711 | D:5      | Found the +7 Throatcutter {drain, coup de grace}
  4712 | D:5      | Found a hide-covered altar of Uskayaw.
  4847 | D:5      | Reached skill level 5 in Hexes
  5390 | D:5      | Found a sacrificial altar of Ru.
  6039 | D:6      | Found Geom's CLEARANCE SALE!.
  6069 | D:6      | Reached skill level 8 in Stealth
  6073 | D:6      | Reached skill level 5 in Spellcasting
  6208 | D:6      | Found an ancient bone altar of Kikubaaqudgha.
  6227 | D:6      | Reached XP level 8. HP: 36/36 MP: 9/16
  6270 | D:6      | Reached skill level 5 in Short Blades
  7062 | D:6      | Reached skill level 1 in Ranged Weapons
  7062 | D:6      | Reached skill level 9 in Stealth
  7365 | D:6      | Found a staircase to the Ecumenical Temple.
  7843 | Temple   | Entered the Ecumenical Temple
  8011 | D:7      | Found a glowing silver altar of Zin.
  8017 | D:7      | Found a glowing golden altar of the Shining One.
  8017 | D:7      | Found a white marble altar of Elyvilon.
  8070 | D:7      | Reached skill level 1 in Evocations
  8070 | D:7      | Reached XP level 9. HP: 30/39 MP: 12/19
  8284 | D:7      | Reached skill level 10 in Stealth
  8309 | D:7      | Found a flagged portal.
  8309 | D:7      | Noticed Dowan
  8320 | Bailey   | Entered a bailey
 10897 | Bailey   | Reached skill level 11 in Stealth
 10931 | Bailey   | Reached XP level 10. HP: 27/44 MP: 5/22
 11079 | Bailey   | Reached skill level 5 in Evocations
 11191 | Bailey   | Reached skill level 10 in Spellcasting
 11191 | Bailey   | Reached skill level 10 in Hexes
 11191 | Bailey   | Reached XP level 11. HP: 47/47 MP: 23/26
 11336 | D:7      | Killed Dowan
 11378 | D:7      | Noticed Duvessa
 11433 | D:7      | Killed Duvessa
 11631 | D:7      | Reached skill level 1 in Fighting
 11903 | D:8      | Found an opulent altar of Gozag.
 12184 | D:8      | Found a shadowy altar of Dithmenos.
 12349 | D:8      | Found a burning altar of Makhleb.
 12898 | D:8      | Found Nolaosir's Serpentskin Sales.
 13045 | D:2      | Bought a potion of lignification for 33 gold pieces
 13045 | D:2      | Bought a potion of resistance for 110 gold pieces
 13045 | D:2      | Bought a potion of heal wounds for 55 gold pieces
 13045 | D:2      | Bought a potion of mutation for 88 gold pieces
 13045 | D:2      | Bought a potion of degeneration for 11 gold pieces
 13196 | D:8      | Bought a +1 robe of poison resistance for 106 gold pieces
 13266 | D:8      | Found a staircase to the Lair.
 13594 | D:8      | Learned a level 1 spell: Slow
 13599 | D:8      | Learned a level 4 spell: Cause Fear
 13603 | D:8      | Noticed a two-headed ogre
 13605 | D:8      | Learned a level 3 spell: Dazzling Flash
 13607 | D:8      | Killed a two-headed ogre
 13900 | D:9      | Found a broken altar of Ashenzari.
 13901 | D:9      | Found an ornate altar of the Wu Jian Council.
 13988 | D:9      | Found Pickuubb's Overcharged Wands.
 14322 | D:9      | Noticed a two-headed ogre
 14331 | D:9      | Killed a two-headed ogre
 14378 | D:9      | Reached skill level 12 in Stealth
 14725 | D:9      | Found a blossoming altar of Fedhas.
 14728 | D:9      | Became a worshipper of Fedhas Madash
 14985 | D:10     | Entered Level 10 of the Dungeon
 14998 | D:10     | Got the Dissertation on Bloody Pestilence
 15005 | D:10     | Learned a level 4 spell: Olgreb's Toxic Radiance
 15009 | D:10     | Learned a level 3 spell: Ignite Poison
 15104 | D:10     | Found a staircase to the Orcish Mines.
 15201 | D:9      | Reached skill level 1 in Transmutations
 15333 | D:9      | Reached skill level 1 in Poison Magic
 15706 | D:10     | Noticed Josephine
 15711 | D:10     | Killed Josephine
 15939 | D:10     | Reached * piety under Fedhas
 16192 | D:10     | Noticed Harold
 16195 | D:10     | Killed Harold
 16368 | D:10     | Reached XP level 12. HP: 58/58 MP: 27/27
 16450 | D:10     | Noticed Sonja
 16457 | D:10     | Killed Sonja
 17175 | Lair:1   | Entered Level 1 of the Lair of Beasts
 17243 | Orc:1    | Entered Level 1 of the Orcish Mines
 17573 | D:10     | Reached ** piety under Fedhas
 17577 | D:10     | Reached skill level 13 in Stealth
 17661 | Orc:1    | Noticed an orc warlord
 17857 | D:10     | Killed an orc warlord
 17858 | D:10     | Reached skill level 1 in Invocations
 18357 | Orc:1    | Reached skill level 5 in Transmutations
 18362 | Orc:1    | Reached skill level 5 in Fighting
 18713 | Orc:2    | Entered Level 2 of the Orcish Mines
 18968 | Orc:2    | Noticed a two-headed ogre
 18970 | Orc:2    | Noticed an orc warlord
 18972 | Orc:2    | Reached *** piety under Fedhas
 18974 | Orc:2    | Killed a two-headed ogre
 18976 | Orc:2    | Killed an orc warlord
 18977 | Orc:2    | Reached skill level 10 in Ranged Weapons
 19300 | D:6      | Bought the ring of the Mage {Wiz Archmagi} for 306 gold
                  | pieces
 19300 | D:6      | Found the ring of the Mage {Wiz Archmagi}
 19427 | Orc:1    | Noticed Snorg
 19511 | Orc:1    | Killed Snorg
 19512 | Orc:1    | Reached skill level 14 in Stealth
 19769 | Orc:2    | Found a staircase to the Elven Halls.
 20021 | Orc:2    | Noticed an orc warlord
 20277 | Orc:2    | Noticed Nergalle
 20282 | Orc:2    | Noticed an orc high priest
 20284 | Orc:2    | Reached **** piety under Fedhas
 20286 | Orc:2    | Killed an orc high priest
 20287 | Orc:2    | Reached skill level 5 in Poison Magic
 20499 | Orc:1    | Killed an orc warlord
 20500 | Orc:1    | Reached XP level 13. HP: 60/65 MP: 21/28
 20595 | Orc:2    | Noticed Saint Roka
 21265 | Orc:2    | Killed Nergalle
 21649 | Orc:2    | Found Boisyamp's Jewellery Emporium.
 22105 | Lair:1   | Found a blossoming altar of Fedhas.
 22965 | Lair:2   | Reached ***** piety under Fedhas
 22988 | Lair:2   | Reached skill level 15 in Stealth
 22988 | Lair:2   | Reached skill level 5 in Invocations
 23710 | Lair:2   | Found a staircase to the Swamp.
 24118 | Lair:3   | Found a staircase to the Snake Pit.
 24953 | Lair:4   | Reached XP level 14. HP: 54/72 MP: 1/30
 27160 | Lair:5   | Entered Level 5 of the Lair of Beasts
 27327 | Lair:5   | Reached ****** piety under Fedhas
 29325 | Lair:5   | Found a staircase to the Slime Pits.
 30706 | Lair:5   | Got Qiyke's Handbook of the Snowflakes
 31327 | Orc:2    | Killed Saint Roka
 31527 | Orc:2    | Found Tijafam's Antique Weapon Emporium.
 31565 | Orc:2    | Found Nept's General Store.
 31610 | Orc:2    | Found Qalo's Antique Armour Emporium.
 32414 | D:12     | Noticed Lodul
 32418 | D:12     | Killed Lodul
 32516 | D:12     | Reached XP level 15. HP: 77/77 MP: 33/33
 33584 | D:13     | Learned a level 5 spell: Irradiate
 34914 | D:14     | Noticed Louise
 35180 | D:14     | Found a gate to the Vaults.
 35526 | D:14     | Found a bloodstained altar of Trog.
 35747 | Abyss:3  | Cast into level 3 of the Abyss (Louise)
 35828 | Abyss:4  | Noticed a tentacled starspawn
 35840 | Abyss:4  | Noticed an ancient lich
 36009 | Abyss:5  | Noticed a profane servitor
 36052 | Abyss:5  | Noticed an ancient lich
 36054 | Abyss:5  | Noticed a lich
 36058 | Abyss:5  | Noticed a lich
 36058 | Abyss:5  | HP: 3/77 [profane servitor/+3 whip (8)]
 36058 | Abyss:5  | Slain by a profane servitor

Illustrated notes

Levels and vault maps discovered:
D:1:      dpeg_arrival_circle_labyrinth_a, layout_rooms
D:2:      wad_crossroads, layout_loops_ring, serial_shops,
          nicolae_shop_hallway_plus
D:3:      layout_basic, regret_index_temple_of_mockery, nicolae_shop_vocational
D:4:      layout_basic, slow_altar_2, lemuel_blue_sif_altar,
          minmay_misc_feat_rows, minmay_crystal_water
D:5:      layout_gridville, overflow_temple_1_default,
          eat_drink_and_be_merry_uskayaw, grunt_decor_clamped,
          chequers_serial_rivers_large_a
D:6:      minmay_general_purpose_star, layout_rooms,
          nicolae_kikubaaqudgha_miasma_corner, minmay_temple_entry_proselytizer,
          serial_demonic, serial_demonic_d, serial_demonic_a, serial_demonic_c,
          serial_demonic_d, nicolae_shop_clearance
D:7:      layout_rooms, dreamdust_divine_triumvirate, enter_bailey_5,
          uniq_duvessa
D:8:      layout_loops_corners, grunt_dithmenos_smoke_and_mirrors,
          lemuel_round_altar, makhleb_grotto_becter, david_lair_generic,
          guppyfry_shop_venom
D:9:      layout_stronghold, kennysheep_mini, nicolae_overflow_squiral,
          nicolae_shop_overcharged_wands
D:10:     layout_loops_corners, erik_orc_4, evilmike_minifort, uniq_sonja,
          uniq_harold, uniq_josephine
D:11:     layout_layer_cave, minmay_misc_feat_five
D:12:     layout_big_octagon, grunt_decor_fettered, uniq_lodul
D:13:     layout_cave_pods, minmay_starry_boxes
D:14:     layout_loops_ring, erik_vaults_2, serial_park_paths
          [serial_park_minivault_5x5_2], trog_ov_bears_minmay, uniq_louise
Temple:   nicolae_temple_ecumenical_triangle
Lair:1:   statuecave_lemuel, layout_hall_layers, basic_altar
Lair:2:   layout_long_grid, minmay_swamp_entry_worms, special_room
          [special_room_bee]
Lair:3:   layout_regular_city, guppyfry_snake_entry_island
Lair:4:   layout_cave_pods
Lair:5:   minmay_lair_end_frog_pond, layout_misc_corridors, slime_entry_1
Orc:1:    layout_caves, uniq_snorg
Orc:2:    grunt_orc_cross, layout_diamond_mine
Abyss:5:  base: D:14, hangedman_shadowy_showcase, hangedman_summoners_spam,
          due_evilmike_abyss_rune_seething_liches,
          due_evilmike_abyss_rune_seething_liches, hangedman_decor_riveting,
          hangedman_abyss_overflow_altar

Skill      XL: |  1  2  3  4  5  6  7  8  9 10 11 12 13 14 15 |
---------------+----------------------------------------------+-----
Dodging        | 3 4 5 6 7 8 |  8.0
Stealth        | 5 6 7 8 9 11 12 14 15 | 15.0
Short Blades   | 2 3 4 5 8 |  8.0
Spellcasting   | 3 4 5 6 7 10 11 13 14 | 14.0
Hexes          | 4 5 6 8 10 11 12 | 12.2
Ranged Weapons | 2 4 7 9 10 11 12 13 | 13.1
Evocations     | 1 4 5 |  5.0
Fighting       | 4 5 7 8 |  8.0
Transmutations | 3 5 |  5.0
Poison Magic   | 2 5 7 8 |  8.0
Invocations    | 4 6 8 9 |  9.4

Action                   |  1- 3 |  4- 6 |  7- 9 | 10-12 | 13-15 || total
-------------------------+-------+-------+-------+-------+-------++-------
Melee: Dagger            |    61 |   107 |   208 |   334 |   378 ||  1088
       Punch             |       |     1 |     2 |     5 |     5 ||    13
 Fire: Shortbow          |       |       |   166 |    16 |       ||   182
       Arbalest          |       |       |       |       |   360 ||   360
Throw: Dart              |     8 |       |     9 |     1 |       ||    18
 Cast: Ensorcelled Hiber |    10 |    32 |    97 |   175 |    67 ||   381
       Confusing Touch   |       |     5 |    23 |    32 |    50 ||   110
       Tukima's Dance    |       |       |     2 |    27 |    13 ||    42
       Dazzling Flash    |       |       |       |     4 |     1 ||     5
       Ignite Poison     |       |       |       |    11 |    66 ||    77
       Olgreb's Toxic Ra |       |       |       |     7 |    50 ||    57
       Cause Fear        |       |       |       |     2 |     3 ||     5
       Slow              |       |       |       |     1 |       ||     1
Invok: Wall of Briars    |       |       |       |     1 |     2 ||     3
       Overgrow          |       |       |       |       |     1 ||     1
       Grow Oklob        |       |       |       |       |     1 ||     1
Evoke: Wand              |       |       |    12 |     5 |     3 ||    20
  Use: Scroll            |       |       |     6 |     4 |    15 ||    25
       Potion            |       |       |     3 |     2 |     4 ||     9
 Stab: Sleeping          |    14 |    29 |    42 |    88 |    59 ||   232
       Confused          |       |     6 |    19 |    30 |    43 ||    98
       Invisible         |       |       |     3 |     7 |     1 ||    11
       Distracted        |       |       |     1 |     1 |     1 ||     3
       Fleeing           |       |       |       |     1 |       ||     1
Armor: Robe              |     1 |     7 |     6 |    28 |    31 ||    73
Dodge: Dodged            |    40 |    56 |   230 |   366 |   411 ||  1103
Block: Other             |       |       |       |    60 |    85 ||   145
       Reflection        |       |       |       |     3 |     5 ||     8
